Punishers vs Heat

Created - February 3, 2023 at 19:09

Goals
1 2 3 T
Punishers 1 0 1 2
Heat 1 1 1 3
Shots
1 2 3 T
Punishers 13 8 6 27
Heat 4 14 12 30

1st period

1. Punishers , Noah Juulsen 2 (Andreas Athanasiou 1, Phillip Danault 16) at 12:53 (PP)
2. Heat , Matthew Nieto 23 (Victor Rask 48) at 13:51

Penalties :
Tage Thompson (Sto) for Hooking (Minor) at 12:41, Frank Corrado (Sto) for Tripping (Minor) at 14:02

2nd period

3. Heat , Chris Brown 6 (Frank Corrado 9, Barclay Goodrow 18) at 6:44 (PP)

Penalties :
Noah Juulsen (Pro) for Tripping (Minor) at 0:05, Petteri Lindbohm (Sto) for Elbowing (Minor) at 2:53, Noah Juulsen (Pro) for Tripping (Minor) at 6:27, Noah Juulsen (Pro) for Close Hand On Puck (Minor) at 6:58

3rd period

4. Heat , Peter Cehlarik 9 (Nico Sturm 5) at 2:50
5. Punishers , Oskar Lindblom 10 (Daniel Audette 6, Carter Ashton 7) at 4:23

Penalties :
Niko Mikkola (Pro) for Hooking (Minor) at 4:36, Carter Ashton (Pro) for Kneeing (Minor) at 17:13

Goalie Stats

Louis Domingue (Pro), 27 saves from 30 shots - (0.900), L, 9-14-2, 59:44 minutes
Michael Hutchinson (Sto), 25 saves from 27 shots - (0.926), W, 19-11-2, 60:00 minutes

Players Stats for Punishers

Player Name              G  A  P  +/- PIM S  H  SB GA TA FO     MP     PP MP  PK MP  
------------------------------------------------------------------------------------
Alexander Nylander       0  0  0   0  0   0  0  0  0  0  0/0     0:00   0:00   0:00 
Andreas Athanasiou       0  1  1   0  0   2  1  0  1  1  3/8    22:16   2:22   4:26 
Anton Blidh              0  0  0  -1  0   1  1  0  0  0  0/0    16:45   1:48   1:21 
Artem Zub                0  0  0   0  0   1  1  1  0  0  0/0    26:58   2:33   4:27 
Austen Brassard          0  0  0  -1  0   0  2  1  0  0  0/1    15:12   0:00   0:00 
Beck Malenstyn           0  0  0   0  0   0  0  0  0  0  0/0     0:00   0:00   0:00 
Ben Meyers               0  0  0   0  0   0  0  0  0  0  0/0     0:00   0:00   0:00 
Brayden Pachal           0  0  0   0  0   0  0  1  0  0  0/0    13:09   0:00   1:07 
Carson Meyer             0  0  0   0  0   0  0  0  0  0  0/0     0:00   0:00   0:00 
Carter Ashton            0  1  1   1  2   2  3  0  0  0  0/0    15:05   0:00   1:38 
Corey Tropp              0  0  0  -1  0   2  2  0  0  1  1/1    18:12   1:48   2:22 
Daniel Audette           0  1  1   1  0   0  1  0  0  0  1/3    12:28   0:00   0:17 
Fredrik Claesson         0  0  0  -1  0   4  0  3  1  0  0/0    22:54   1:37   5:17 
John Hayden              0  0  0  -1  0   2  0  0  0  0  1/2     6:27   0:00   0:00 
Kevin Roy                0  0  0  -1  0   0  2  0  0  0  4/10   14:33   1:48   0:00 
Kole Lind                0  0  0   0  0   1  0  0  0  0  0/0     2:24   0:00   0:00 
Nicolas Roy              0  0  0   0  0   0  0  0  0  0  1/1     2:06   0:00   1:49 
Niko Mikkola             0  0  0  -1  2   1  1  1  0  0  0/0    21:04   1:37   3:23 
Noah Juulsen             1  0  1   0  6   2  1  2  0  1  0/0    24:54   2:33   2:12 
Oskar Lindblom           1  0  1   1  0   1  2  0  0  0  1/1    12:11   0:00   0:00 
Phillip Danault          0  1  1   0  0   4  0  1  0  0  0/0    17:02   2:22   0:00 
Radek Faksa              0  0  0   0  0   4  2  3  1  0  15/26  21:35   2:22   4:33 
Tanner Jeannot           0  0  0  -1  0   0  0  0  0  0  0/0     6:27   0:00   0:00 

Players Stats for Heat

Player Name              G  A  P  +/- PIM S  H  SB GA TA FO     MP     PP MP  PK MP  
------------------------------------------------------------------------------------
Barclay Goodrow          0  1  1   0  0   1  0  1  1  0  0/0    17:19   4:03   1:16 
Brandon Hickey           0  0  0   1  0   1  2  0  0  0  0/0    17:07   0:00   1:53 
Chris Brown              1  0  1   0  0   2  0  0  0  0  2/4    16:23   4:03   0:26 
Dominik Masin            0  0  0   0  0   1  1  0  0  2  0/0    14:49   0:00   2:21 
Eric Karlsson            0  0  0   0  0   1  2  0  0  0  1/2    14:40   4:03   0:29 
Erik Brannstrom          0  0  0   1  0   1  1  2  0  0  0/0    18:07   3:19   0:47 
Evgeny Svechnikov        0  0  0   0  0   2  0  0  0  0  0/1    20:42   4:04   0:00 
Frank Corrado            0  1  1  -1  2   1  1  0  0  0  0/0    24:00   4:54   0:58 
John Gilmour             0  0  0   0  0   0  2  1  0  0  0/0    10:43   0:00   0:38 
Matthew Nieto            1  0  1   0  0   4  2  1  0  0  0/0    20:42   4:04   0:00 
Nico Sturm               0  1  1   1  0   1  1  0  0  0  2/2    10:26   0:00   1:12 
Peter Cehlarik           1  0  1   1  0   3  0  0  0  0  0/0    11:03   0:06   2:28 
Petteri Lindbohm         0  0  0   2  2   0  1  1  1  1  0/0    19:39   3:19   0:00 
Philip Varone            0  0  0   0  0   2  2  0  0  0  8/14   14:12   0:06   2:29 
Ryan Spooner             0  0  0   0  0   5  1  0  0  0  2/6    10:39   0:00   0:00 
Tage Thompson            0  0  0   1  2   0  0  0  0  0  0/1     9:18   0:06   0:00 
Trevor Carrick           0  0  0  -1  0   2  3  0  0  0  0/0    25:16   4:54   1:43 
Victor Rask              0  1  1   0  0   3  3  0  1  0  11/23  20:42   4:04   0:00 

3 Stars

1 - Matthew Nieto (Sto)
2 - Oskar Lindblom (Pro)
3 - Peter Cehlarik (Sto)

Power Play

Punishers - 1 on 3 Attempt(s) - 33.33%
Heat - 1 on 5 Attempt(s) - 20.00%

Penalty Kill

Punishers - 4 on 5 Attempt(s) - 80.00% - Score 0 goal in Penalty Kill
Heat - 2 on 3 Attempt(s) - 66.67% - Score 0 goal in Penalty Kill

Team Stat

Punishers - Hits : 19 - Faceoff Wins : 27 - Blocked Shots : 13 - Penalty Minutes : 10
Heat - Hits : 22 - Faceoff Wins : 26 - Blocked Shots : 6 - Penalty Minutes : 6

Official

Referees : TJ Luxmore and Pierre Lambert
Linesman : Shandor Alphonso and Jonny Murray

Game Notes

No Game Note

Finance

Level 1 -- Attendance: 2000 (100.00%) -- Ticket Income $70,000
Level 2 -- Attendance: 955 (95.50%) -- Ticket Income $14,325
Total Attendance: 2955 (98.50%)
Total Ticket Income: $84,325
Other Income: $4,216
Total Income: $88,541

Punishers

5 vs 5 Forward 
   Center                   Left Wing                Right Wing               Time % Phy DF OF 
 1 Radek Faksa              Phillip Danault          Andreas Athanasiou       40     1   2  2  
 2 Kevin Roy                Anton Blidh              Corey Tropp              30     1   2  2  
 3 Daniel Audette           Oskar Lindblom           Carter Ashton            20     1   2  2  
 4 John Hayden              Tanner Jeannot           Austen Brassard          10     1   2  2  

5 vs 5 Defense 
   Defense                  Defense                                           Time % Phy DF OF 
 1 Artem Zub                Noah Juulsen                                      40     1   2  2  
 2 Fredrik Claesson         Niko Mikkola                                      30     1   2  2  
 3 Brayden Pachal           Austen Brassard                                   20     1   2  2  
 4 Artem Zub                Noah Juulsen                                      10     1   2  2  

PowerPlay Forward 
   Center                   Left Wing                Right Wing               Time % Phy DF OF 
 1 Radek Faksa              Phillip Danault          Andreas Athanasiou       60     1   2  2  
 2 Kevin Roy                Anton Blidh              Corey Tropp              40     1   2  2  

PowerPlay Defense
   Defense                  Defense                                           Time % Phy DF OF 
 1 Artem Zub                Noah Juulsen                                      60     1   2  2  
 2 Fredrik Claesson         Niko Mikkola                                      40     1   2  2  

Penalty Kill 4 Players Forward 
   Center                   Wing                     Time % Phy DF OF 
 1 Andreas Athanasiou       Radek Faksa              60     1   2  2  
 2 Corey Tropp              Carter Ashton            40     1   2  2  

Penalty Kill 4 Players Defense
   Defense                  Defense                  Time % Phy DF OF 
 1 Artem Zub                Noah Juulsen             60     1   2  2  
 2 Fredrik Claesson         Niko Mikkola             40     1   2  2  

Penalty Kill - 3 Players Forward 
   Forward                                           Time % Phy DF OF 
 1 Andreas Athanasiou                                60     1   2  2  
 2 Radek Faksa                                       40     1   2  2  

Penalty Kill - 3 Players Defense
   Defense                  Defense                  Time % Phy DF OF 
 1 Artem Zub                Noah Juulsen             60     1   2  2  
 2 Fredrik Claesson         Niko Mikkola             40     1   2  2  

4 vs 4 Forward 
   Center                   Wing                     Time % Phy DF OF 
 1 Andreas Athanasiou       Radek Faksa              60     1   2  2  
 2 Corey Tropp              Carter Ashton            40     1   2  2  

4 vs 4 Defense
   Defense                  Defense                  Time % Phy DF OF 
 1 Artem Zub                Noah Juulsen             60     1   2  2  
 2 Fredrik Claesson         Niko Mikkola             40     1   2  2  

Last Minutes Offensive
   Center                   Left Wing                Right Wing               Defense                  Defense                  
   Radek Faksa              Phillip Danault          Andreas Athanasiou       Artem Zub                Noah Juulsen             

Last Minutes Defensive
   Center                   Left Wing                Right Wing               Defense                  Defense                  
   Radek Faksa              Phillip Danault          Andreas Athanasiou       Artem Zub                Noah Juulsen             

Goaltenders
Starting : Louis Domingue           
Backup : Daniel Altshuller        

Extra Forwards
Normal : Kole Lind, Carson Meyer, Nicolas Roy - PP : Kole Lind, Carson Meyer - PK : Nicolas Roy
Extra Defensemen
Normal : Brayden Pachal, Fredrik Claesson, Niko Mikkola - PP : Brayden Pachal - PK : Fredrik Claesson, Niko Mikkola
Penalty Shots
Andreas Athanasiou, Radek Faksa, Corey Tropp, Carter Ashton, Phillip Danault

Scratches
Ben Betker (Broken Bone (Right Arm) Injury), Connor Clifton (Back Injury), John Quenneville (Dislocated Patella Injury)

Heat

5 vs 5 Forward 
   Center                   Left Wing                Right Wing               Time % Phy DF OF 
 1 Victor Rask              Matthew Nieto            Evgeny Svechnikov        40     1   2  2  
 2 Philip Varone            Chris Brown              Barclay Goodrow          30     1   2  2  
 3 Ryan Spooner             Eric Karlsson            John Gilmour             20     1   2  2  
 4 Nico Sturm               Peter Cehlarik           Tage Thompson            10     1   2  2  

5 vs 5 Defense 
   Defense                  Defense                                           Time % Phy DF OF 
 1 Trevor Carrick           Frank Corrado                                     40     1   2  2  
 2 Erik Brannstrom          Petteri Lindbohm                                  30     1   2  2  
 3 Brandon Hickey           Dominik Masin                                     20     1   2  2  
 4 Brandon Hickey           Petteri Lindbohm                                  10     1   2  2  

PowerPlay Forward 
   Center                   Left Wing                Right Wing               Time % Phy DF OF 
 1 Victor Rask              Matthew Nieto            Evgeny Svechnikov        60     1   2  2  
 2 Chris Brown              Eric Karlsson            Barclay Goodrow          40     1   2  2  

PowerPlay Defense
   Defense                  Defense                                           Time % Phy DF OF 
 1 Trevor Carrick           Frank Corrado                                     60     1   2  2  
 2 Erik Brannstrom          Petteri Lindbohm                                  40     1   2  2  

Penalty Kill 4 Players Forward 
   Center                   Wing                     Time % Phy DF OF 
 1 Philip Varone            Peter Cehlarik           60     1   2  2  
 2 Nico Sturm               Barclay Goodrow          40     1   2  2  

Penalty Kill 4 Players Defense
   Defense                  Defense                  Time % Phy DF OF 
 1 Trevor Carrick           Dominik Masin            60     1   2  2  
 2 Brandon Hickey           Frank Corrado            40     1   2  2  

Penalty Kill - 3 Players Forward 
   Forward                                           Time % Phy DF OF 
 1 Matthew Nieto                                     60     1   2  2  
 2 Philip Varone                                     40     1   2  2  

Penalty Kill - 3 Players Defense
   Defense                  Defense                  Time % Phy DF OF 
 1 Trevor Carrick           Frank Corrado            60     1   2  2  
 2 Brandon Hickey           Petteri Lindbohm         40     1   2  2  

4 vs 4 Forward 
   Center                   Wing                     Time % Phy DF OF 
 1 Victor Rask              Matthew Nieto            60     1   2  2  
 2 Philip Varone            Evgeny Svechnikov        40     1   2  2  

4 vs 4 Defense
   Defense                  Defense                  Time % Phy DF OF 
 1 Trevor Carrick           Frank Corrado            60     1   2  2  
 2 Erik Brannstrom          Petteri Lindbohm         40     1   2  2  

Last Minutes Offensive
   Center                   Left Wing                Right Wing               Defense                  Defense                  
   Victor Rask              Matthew Nieto            Evgeny Svechnikov        Brandon Hickey           Frank Corrado            

Last Minutes Defensive
   Center                   Left Wing                Right Wing               Defense                  Defense                  
   Victor Rask              Matthew Nieto            Evgeny Svechnikov        Brandon Hickey           Frank Corrado            

Goaltenders
Starting : Michael Hutchinson       
Backup : Vitek Vanecek            

Extra Forwards
Normal : Nico Sturm, Ryan Spooner, Evgeny Svechnikov - PP : Philip Varone, Peter Cehlarik - PK : Barclay Goodrow
Extra Defensemen
Normal : Petteri Lindbohm, Erik Brannstrom, Brandon Hickey - PP : Erik Brannstrom - PK : Dominik Masin, Brandon Hickey
Penalty Shots
Evgeny Svechnikov, Matthew Nieto, Chris Brown, Victor Rask, Peter Cehlarik

Scratches
Christian Jaros (Healthy), Skyler Brind'Amour (Healthy), Darren Raddysh (Healthy), Mathieu Brodeur (Healthy), Rasmus Andersson (Separated Left Shoulder Injury)
Ryan Donato (Healthy), Ivan Chekhovich (Healthy), Vladislav Kamenev (Healthy), Taylor Raddysh (Healthy), Jesper Bratt (Back Injury)
Radim Zohorna (Healthy), Collin Delia (Healthy)

% Time on Ice - Punishers

Lines # - Real PCT - Wanted PCT - Time Play
Normal Forward
1 - 31% - 40% - 14:44
2 - 30% - 30% - 14:02
3 - 26% - 20% - 12:11
4 - 14% - 10% - 6:27
Normal Defense
1 - 40% - 40% - 18:59
2 - 32% - 30% - 15:16
3 - 25% - 20% - 11:39
4 - 3% - 10% - 1:30
PP Forward
1 - 57% - 60% - 2:22
2 - 43% - 40% - 1:48
PP Defense
1 - 61% - 60% - 2:33
2 - 39% - 40% - 1:37
PK Forward
1 - 71% - 60% - 5:51
2 - 29% - 40% - 2:22
PK Defense
1 - 64% - 60% - 5:15
2 - 36% - 40% - 2:58
PK3 Forward
1 - 0% - 60%
2 - 0% - 40%
PK3 Defense
1 - 0% - 60%
2 - 0% - 40%
44 Forward
1 - 0% - 60%
2 - 0% - 40%
44 Defense
1 - 0% - 60%
2 - 0% - 40%
Last Minute Offensive  - 0:13
Last Minute Defensive  - 0:00
Total
Forward - 60:00
Defense - 60:00

% Time on Ice - Heat

Lines # - Real PCT - Wanted PCT - Time Play
Normal Forward
1 - 36% - 40% - 16:58
2 - 25% - 30% - 11:45
3 - 21% - 20% - 9:54
4 - 18% - 10% - 8:15
Normal Defense
1 - 40% - 40% - 18:36
2 - 30% - 30% - 14:02
3 - 25% - 20% - 11:46
4 - 5% - 10% - 2:28
PP Forward
1 - 51% - 60% - 4:10
2 - 49% - 40% - 4:03
PP Defense
1 - 60% - 60% - 4:54
2 - 40% - 40% - 3:19
PK Forward
1 - 71% - 60% - 2:58
2 - 29% - 40% - 1:12
PK Defense
1 - 41% - 60% - 1:43
2 - 59% - 40% - 2:27
PK3 Forward
1 - 0% - 60%
2 - 0% - 40%
PK3 Defense
1 - 0% - 60%
2 - 0% - 40%
44 Forward
1 - 0% - 60%
2 - 0% - 40%
44 Defense
1 - 0% - 60%
2 - 0% - 40%
Last Minute Offensive  - 0:00
Last Minute Defensive  - 0:45
Total
Forward - 60:00
Defense - 60:00

Play-by-Play

1st period


0:01 of 1st period - Radek Faksa wins face-off versus Victor Rask in neutral zone.
0:08 of 1st period - Wrist shot by Evgeny Svechnikov.
0:08 of 1st period - Shot Misses the Net.
1:00 of 1st period - Snap shot by Anton Blidh.
1:00 of 1st period - Shot Blocked by Erik Brannstrom.
1:02 of 1st period - Wrist shot by Kevin Roy.
1:02 of 1st period - Shot Misses the Net.
1:14 of 1st period - Slapshot by Corey Tropp.
1:14 of 1st period - Deflect By Anton Blidh.
1:14 of 1st period - Shot Blocked by Petteri Lindbohm.
1:14 of 1st period - Puck is out of play.
1:15 of 1st period - Oskar Lindblom wins face-off versus Ryan Spooner in Heat zone.
1:22 of 1st period - Wrist shot by Ryan Spooner.
1:22 of 1st period - Shot Blocked by Austen Brassard.
1:32 of 1st period - Brandon Hickey is hit by Austen Brassard and loses puck.
2:37 of 1st period - Snap shot by Nico Sturm.
2:37 of 1st period - Shot Misses the Net.
3:09 of 1st period - Slapshot by Eric Karlsson.
3:09 of 1st period - Stopped by Louis Domingue with a rebound.
3:31 of 1st period - Wrist shot by Victor Rask.
3:31 of 1st period - Stopped by Louis Domingue without a rebound.
3:32 of 1st period - Victor Rask wins face-off versus Radek Faksa in Punishers zone.
3:44 of 1st period - Snap shot by Phillip Danault.
3:44 of 1st period - Shot Blocked by Matthew Nieto.
4:30 of 1st period - Snap shot by Corey Tropp.
4:30 of 1st period - Shot Misses the Net.
5:59 of 1st period - Corey Tropp is hit by John Gilmour and loses puck.
6:12 of 1st period - Icing by Nico Sturm.
6:13 of 1st period - Radek Faksa wins face-off versus Tage Thompson in Heat zone.
6:20 of 1st period - Wrist shot by Radek Faksa.
6:20 of 1st period - Stopped by Michael Hutchinson without a rebound.
6:21 of 1st period - Radek Faksa wins face-off versus Victor Rask in Heat zone.
6:22 of 1st period - Snap shot by Andreas Athanasiou.
6:22 of 1st period - Stopped by Michael Hutchinson with a rebound.
6:24 of 1st period - Snap shot by Phillip Danault.
6:24 of 1st period - Stopped by Michael Hutchinson without a rebound.
6:25 of 1st period - Radek Faksa wins face-off versus Victor Rask in Heat zone.
7:10 of 1st period - Snap shot by Kole Lind.
7:10 of 1st period - Stopped by Michael Hutchinson with a rebound.
7:12 of 1st period - Snap shot by John Hayden.
7:12 of 1st period - Stopped by Michael Hutchinson with a rebound.
7:19 of 1st period - Wrist shot by Tanner Jeannot.
7:19 of 1st period - Shot Misses the Net.
7:21 of 1st period - Snap shot by Austen Brassard.
7:21 of 1st period - Shot Misses the Net.
7:23 of 1st period - Snap shot by Austen Brassard.
7:23 of 1st period - Shot Misses the Net.
7:33 of 1st period - Matthew Nieto is hit by Carter Ashton and loses puck.
8:02 of 1st period - Snap shot by Matthew Nieto.
8:02 of 1st period - Deflect By Victor Rask.
8:02 of 1st period - Shot Blocked by Phillip Danault.
8:02 of 1st period - Puck is out of play.
8:03 of 1st period - Philip Varone wins face-off versus Kevin Roy in Punishers zone.
8:17 of 1st period - Wrist shot by Corey Tropp.
8:17 of 1st period - Stopped by Michael Hutchinson with a rebound.
8:33 of 1st period - Snap shot by Radek Faksa.
8:33 of 1st period - Stopped by Michael Hutchinson with a rebound.
8:35 of 1st period - Slapshot by Artem Zub.
8:35 of 1st period - Stopped by Michael Hutchinson without a rebound.
8:36 of 1st period - Radek Faksa wins face-off versus Ryan Spooner in Heat zone.
9:01 of 1st period - Kevin Roy is hit by Victor Rask and loses puck.
9:45 of 1st period - Brayden Pachal is hit by Nico Sturm and loses puck.
9:58 of 1st period - Phillip Danault is hit by Eric Karlsson and loses puck.
11:52 of 1st period - Brandon Hickey is hit by Carter Ashton and loses puck.
12:41 of 1st period - Minor Penalty to Tage Thompson for Hooking.
12:42 of 1st period - Radek Faksa wins face-off versus Philip Varone in Heat zone.
12:49 of 1st period - Snap shot by Phillip Danault.
12:49 of 1st period - Stopped by Michael Hutchinson with a rebound.
12:51 of 1st period - Wrist shot by Andreas Athanasiou.
12:51 of 1st period - Stopped by Michael Hutchinson with a rebound.
12:53 of 1st period - Slapshot by Noah Juulsen.
12:53 of 1st period - Goal by Noah Juulsen - Punishers : 1 - Heat : 0.
12:54 of 1st period - Radek Faksa wins face-off versus Victor Rask in neutral zone.
13:05 of 1st period - Noah Juulsen is hit by Matthew Nieto and loses puck.
13:20 of 1st period - Barclay Goodrow is hit by Daniel Audette and loses puck.
13:25 of 1st period - Wrist shot by Oskar Lindblom.
13:25 of 1st period - Shot Blocked by Barclay Goodrow.
13:27 of 1st period - Wrist shot by Carter Ashton.
13:27 of 1st period - Stopped by Michael Hutchinson without a rebound.
13:28 of 1st period - Radek Faksa wins face-off versus Chris Brown in Heat zone.
13:39 of 1st period - Wrist shot by Phillip Danault.
13:39 of 1st period - Shot Misses the Net.
13:41 of 1st period - Wrist shot by Andreas Athanasiou.
13:41 of 1st period - Shot Misses the Net.
13:43 of 1st period - Slapshot by Fredrik Claesson.
13:43 of 1st period - Deflect By Trevor Carrick.
13:43 of 1st period - Stopped by Michael Hutchinson without a rebound.
13:44 of 1st period - Victor Rask wins face-off versus Kevin Roy in Heat zone.
13:51 of 1st period - Wrist shot by Matthew Nieto.
13:51 of 1st period - Goal by Matthew Nieto - Punishers : 1 - Heat : 1.
13:52 of 1st period - Radek Faksa wins face-off versus Evgeny Svechnikov in neutral zone.
14:02 of 1st period - Minor Penalty to Frank Corrado for Tripping.
14:03 of 1st period - Philip Varone wins face-off versus Radek Faksa in Heat zone.
14:15 of 1st period - Wrist shot by Radek Faksa.
14:15 of 1st period - Shot Misses the Net.
16:02 of 1st period - Penalty to Frank Corrado is over, Frank Corrado is back on ice.
17:36 of 1st period - Icing by Frank Corrado.
17:37 of 1st period - Nico Sturm wins face-off versus Radek Faksa in Heat zone.
18:09 of 1st period - Victor Rask is hit by Corey Tropp and loses puck.
18:38 of 1st period - Dominik Masin is hit by Oskar Lindblom and loses puck.
19:35 of 1st period - Snap shot by Philip Varone.
19:35 of 1st period - Stopped by Louis Domingue with a rebound.
Goals for this period are 1 for Punishers vs 1 for Heat.
Shots for this period are 13 for Punishers vs 4 for Heat.

2nd period


0:01 of 2nd period - Victor Rask wins face-off versus Radek Faksa in neutral zone.
0:05 of 2nd period - Minor Penalty to Noah Juulsen for Tripping.
0:06 of 2nd period - Victor Rask wins face-off versus Andreas Athanasiou in Punishers zone.
0:08 of 2nd period - Snap shot by Evgeny Svechnikov.
0:08 of 2nd period - Stopped by Louis Domingue without a rebound.
0:09 of 2nd period - Andreas Athanasiou wins face-off versus Victor Rask in Punishers zone.
0:26 of 2nd period - Snap shot by Matthew Nieto.
0:26 of 2nd period - Shot Misses the Net.
1:23 of 2nd period - Icing by Evgeny Svechnikov.
1:24 of 2nd period - Nicolas Roy wins face-off versus Victor Rask in Heat zone.
2:05 of 2nd period - Penalty to Noah Juulsen is over, Noah Juulsen is back on ice.
2:11 of 2nd period - Fredrik Claesson is hit by Trevor Carrick.
2:17 of 2nd period - Snap shot by Chris Brown.
2:17 of 2nd period - Shot Misses the Net.
2:19 of 2nd period - Snap shot by Brandon Hickey.
2:19 of 2nd period - Stopped by Louis Domingue with a rebound.
2:29 of 2nd period - Snap shot by Barclay Goodrow.
2:29 of 2nd period - Shot Blocked by Fredrik Claesson.
2:31 of 2nd period - Slapshot by Dominik Masin.
2:31 of 2nd period - Stopped by Louis Domingue without a rebound.
2:32 of 2nd period - Victor Rask wins face-off versus Radek Faksa in Punishers zone.
2:45 of 2nd period - Snap shot by Radek Faksa.
2:45 of 2nd period - Shot Blocked by Erik Brannstrom.
2:47 of 2nd period - Slapshot by Austen Brassard.
2:47 of 2nd period - Shot Misses the Net.
2:53 of 2nd period - Minor Penalty to Petteri Lindbohm for Elbowing.
2:54 of 2nd period - Philip Varone wins face-off versus Radek Faksa in Heat zone.
2:54 of 2nd period - Philip Varone is hit by Noah Juulsen.
3:06 of 2nd period - Snap shot by Noah Juulsen.
3:06 of 2nd period - Stopped by Michael Hutchinson without a rebound.
3:07 of 2nd period - Radek Faksa wins face-off versus Philip Varone in Heat zone.
3:41 of 2nd period - Wrist shot by Nico Sturm.
3:41 of 2nd period - Shot Blocked by Artem Zub.
4:13 of 2nd period - Snap shot by Nico Sturm.
4:13 of 2nd period - Shot Misses the Net.
4:18 of 2nd period - Icing by Anton Blidh.
4:19 of 2nd period - Philip Varone wins face-off versus Kevin Roy in Punishers zone.
4:34 of 2nd period - Wrist shot by Andreas Athanasiou.
4:34 of 2nd period - Shot Misses the Net.
4:53 of 2nd period - Penalty to Petteri Lindbohm is over, Petteri Lindbohm is back on ice.
5:04 of 2nd period - Icing by Matthew Nieto.
5:05 of 2nd period - Victor Rask wins face-off versus Daniel Audette in Heat zone.
5:24 of 2nd period - Snap shot by Matthew Nieto.
5:24 of 2nd period - Stopped by Louis Domingue with a rebound.
6:14 of 2nd period - Backhand shot by Evgeny Svechnikov.
6:14 of 2nd period - Stopped by Louis Domingue without a rebound.
6:15 of 2nd period - Philip Varone wins face-off versus Radek Faksa in Punishers zone.
6:27 of 2nd period - Minor Penalty to Noah Juulsen for Tripping.
6:28 of 2nd period - Eric Karlsson wins face-off versus Andreas Athanasiou in Punishers zone.
6:32 of 2nd period - Wrist shot by Eric Karlsson.
6:32 of 2nd period - Shot Blocked by Fredrik Claesson.
6:34 of 2nd period - Wrist shot by Chris Brown.
6:34 of 2nd period - Shot Misses the Net.
6:36 of 2nd period - Snap shot by Chris Brown.
6:36 of 2nd period - Shot Blocked by Radek Faksa.
6:38 of 2nd period - Wrist shot by Barclay Goodrow.
6:38 of 2nd period - Shot Blocked by Radek Faksa.
6:40 of 2nd period - Slapshot by Barclay Goodrow.
6:40 of 2nd period - Stopped by Louis Domingue with a rebound.
6:42 of 2nd period - Slapshot by Frank Corrado.
6:42 of 2nd period - Deflect By Artem Zub.
6:42 of 2nd period - Stopped by Louis Domingue with a rebound.
6:44 of 2nd period - Snap shot by Chris Brown.
6:44 of 2nd period - Goal by Chris Brown - Punishers : 1 - Heat : 2.
6:45 of 2nd period - Radek Faksa wins face-off versus Victor Rask in neutral zone.
6:48 of 2nd period - Victor Rask is hit by Andreas Athanasiou and loses puck.
6:58 of 2nd period - Minor Penalty to Noah Juulsen for Close Hand On Puck.
6:59 of 2nd period - Victor Rask wins face-off versus Andreas Athanasiou in Punishers zone.
6:59 of 2nd period - Snap shot by Matthew Nieto.
6:59 of 2nd period - Shot Misses the Net.
7:01 of 2nd period - Snap shot by Evgeny Svechnikov.
7:01 of 2nd period - Shot Blocked by Radek Faksa.
7:03 of 2nd period - Snap shot by Matthew Nieto.
7:03 of 2nd period - Shot Blocked by Fredrik Claesson.
7:05 of 2nd period - Slapshot by Trevor Carrick.
7:05 of 2nd period - Stopped by Louis Domingue with a rebound.
7:33 of 2nd period - Snap shot by Eric Karlsson.
7:33 of 2nd period - Shot Misses the Net.
8:19 of 2nd period - Slapshot by Artem Zub.
8:19 of 2nd period - Shot Hit the Post.
8:47 of 2nd period - Chris Brown is hit by Corey Tropp and loses puck.
8:58 of 2nd period - Penalty to Noah Juulsen is over, Noah Juulsen is back on ice.
9:12 of 2nd period - Slapshot by Fredrik Claesson.
9:12 of 2nd period - Shot Misses the Net.
9:14 of 2nd period - Slapshot by Anton Blidh.
9:14 of 2nd period - Stopped by Michael Hutchinson without a rebound.
9:15 of 2nd period - Nico Sturm wins face-off versus John Hayden in Heat zone.
10:06 of 2nd period - Slapshot by Philip Varone.
10:06 of 2nd period - Shot Misses the Net.
10:20 of 2nd period - Radek Faksa is hit by Petteri Lindbohm.
10:53 of 2nd period - Trevor Carrick is hit by Austen Brassard and loses puck.
10:58 of 2nd period - Snap shot by Kole Lind.
10:58 of 2nd period - Shot Hit the Post.
11:17 of 2nd period - Wrist shot by Corey Tropp.
11:17 of 2nd period - Shot Blocked by John Gilmour.
11:38 of 2nd period - Peter Cehlarik is hit by Radek Faksa and loses puck.
11:45 of 2nd period - Radek Faksa is hit by Brandon Hickey and loses puck.
11:56 of 2nd period - Daniel Audette is hit by Brandon Hickey and loses puck.
12:06 of 2nd period - Off-side.
12:07 of 2nd period - Kevin Roy wins face-off versus Philip Varone in neutral zone.
12:33 of 2nd period - Noah Juulsen is hit by Erik Brannstrom and loses puck.
13:22 of 2nd period - Snap shot by Peter Cehlarik.
13:22 of 2nd period - Stopped by Louis Domingue with a rebound.
13:36 of 2nd period - Off-side.
13:37 of 2nd period - Philip Varone wins face-off versus Austen Brassard in neutral zone.
14:03 of 2nd period - Fredrik Claesson is hit by Matthew Nieto and loses puck.
14:53 of 2nd period - Carter Ashton is hit by Dominik Masin and loses puck.
15:32 of 2nd period - Snap shot by Evgeny Svechnikov.
15:32 of 2nd period - Shot Misses the Net.
15:34 of 2nd period - Slapshot by Petteri Lindbohm.
15:34 of 2nd period - Shot Blocked by Brayden Pachal.
16:47 of 2nd period - Wrist shot by Ryan Spooner.
16:47 of 2nd period - Stopped by Louis Domingue without a rebound.
16:48 of 2nd period - Kevin Roy wins face-off versus Ryan Spooner in Punishers zone.
17:03 of 2nd period - Snap shot by Phillip Danault.
17:03 of 2nd period - Stopped by Michael Hutchinson with a rebound.
17:05 of 2nd period - Slapshot by Fredrik Claesson.
17:05 of 2nd period - Stopped by Michael Hutchinson with a rebound.
17:07 of 2nd period - Snap shot by Phillip Danault.
17:07 of 2nd period - Shot Misses the Net.
17:09 of 2nd period - Snap shot by Phillip Danault.
17:09 of 2nd period - Shot Misses the Net.
18:06 of 2nd period - Frank Corrado is hit by Niko Mikkola and loses puck.
18:27 of 2nd period - Slapshot by John Hayden.
18:27 of 2nd period - Shot Misses the Net.
18:29 of 2nd period - Slapshot by Fredrik Claesson.
18:29 of 2nd period - Deflect By Peter Cehlarik.
18:29 of 2nd period - Stopped by Michael Hutchinson with a rebound.
18:31 of 2nd period - Wrist shot by Niko Mikkola.
18:31 of 2nd period - Stopped by Michael Hutchinson without a rebound.
18:32 of 2nd period - Kevin Roy wins face-off versus Victor Rask in Heat zone.
18:36 of 2nd period - Icing by Matthew Nieto.
18:37 of 2nd period - Kevin Roy wins face-off versus Victor Rask in Heat zone.
18:38 of 2nd period - Snap shot by Corey Tropp.
18:38 of 2nd period - Stopped by Michael Hutchinson without a rebound.
18:39 of 2nd period - Victor Rask wins face-off versus Kevin Roy in Heat zone.
19:04 of 2nd period - Snap shot by Evgeny Svechnikov.
19:04 of 2nd period - Deflect By Artem Zub.
19:04 of 2nd period - Shot Misses the Net.
19:04 of 2nd period - Puck is out of play.
19:05 of 2nd period - Philip Varone wins face-off versus Radek Faksa in Punishers zone.
19:08 of 2nd period - Wrist shot by Philip Varone.
19:08 of 2nd period - Stopped by Louis Domingue without a rebound.
19:09 of 2nd period - Radek Faksa wins face-off versus Philip Varone in Punishers zone.
19:34 of 2nd period - Slapshot by Fredrik Claesson.
19:34 of 2nd period - Deflect By Victor Rask.
19:34 of 2nd period - Stopped by Michael Hutchinson without a rebound.
19:35 of 2nd period - Victor Rask wins face-off versus Kevin Roy in Heat zone.
19:35 of 2nd period - Victor Rask is hit by Anton Blidh.
19:45 of 2nd period - Wrist shot by Matthew Nieto.
19:45 of 2nd period - Shot Misses the Net.
19:47 of 2nd period - Wrist shot by Victor Rask.
19:47 of 2nd period - Stopped by Louis Domingue with a rebound.
19:49 of 2nd period - Wrist shot by Victor Rask.
19:49 of 2nd period - Stopped by Louis Domingue with a rebound.
Goals for this period are 0 for Punishers vs 1 for Heat.
Shots for this period are 8 for Punishers vs 14 for Heat.

3rd period


0:01 of 3rd period - Radek Faksa wins face-off versus Victor Rask in neutral zone.
0:14 of 3rd period - Wrist shot by Phillip Danault.
0:14 of 3rd period - Stopped by Michael Hutchinson with a rebound.
0:16 of 3rd period - Slapshot by Artem Zub.
0:16 of 3rd period - Shot Misses the Net.
1:23 of 3rd period - Slapshot by Victor Rask.
1:23 of 3rd period - Shot Misses the Net.
1:25 of 3rd period - Slapshot by Erik Brannstrom.
1:25 of 3rd period - Deflect By Radek Faksa.
1:25 of 3rd period - Stopped by Louis Domingue without a rebound.
1:26 of 3rd period - Victor Rask wins face-off versus Radek Faksa in Punishers zone.
1:27 of 3rd period - Wrist shot by Matthew Nieto.
1:27 of 3rd period - Stopped by Louis Domingue with a rebound.
1:37 of 3rd period - Snap shot by Radek Faksa.
1:37 of 3rd period - Stopped by Michael Hutchinson with a rebound.
1:39 of 3rd period - Snap shot by Radek Faksa.
1:39 of 3rd period - Stopped by Michael Hutchinson without a rebound.
1:40 of 3rd period - Corey Tropp wins face-off versus Philip Varone in Heat zone.
2:48 of 3rd period - Snap shot by Peter Cehlarik.
2:48 of 3rd period - Deflect By Nico Sturm.
2:48 of 3rd period - Stopped by Louis Domingue with a rebound.
2:50 of 3rd period - Slapshot by Peter Cehlarik.
2:50 of 3rd period - Goal by Peter Cehlarik - Punishers : 1 - Heat : 3.
2:51 of 3rd period - Victor Rask wins face-off versus Radek Faksa in neutral zone.
2:54 of 3rd period - Slapshot by Petteri Lindbohm.
2:54 of 3rd period - Shot Blocked by Noah Juulsen.
3:33 of 3rd period - Artem Zub is hit by Victor Rask and loses puck.
4:23 of 3rd period - Wrist shot by Oskar Lindblom.
4:23 of 3rd period - Goal by Oskar Lindblom - Punishers : 2 - Heat : 3.
4:24 of 3rd period - Philip Varone wins face-off versus Radek Faksa in neutral zone.
4:36 of 3rd period - Minor Penalty to Niko Mikkola for Hooking.
4:37 of 3rd period - Chris Brown wins face-off versus Andreas Athanasiou in Punishers zone.
4:37 of 3rd period - Slapshot by Barclay Goodrow.
4:37 of 3rd period - Shot Blocked by Noah Juulsen.
4:39 of 3rd period - Snap shot by Chris Brown.
4:39 of 3rd period - Stopped by Louis Domingue without a rebound.
4:40 of 3rd period - Chris Brown wins face-off versus Andreas Athanasiou in Punishers zone.
6:36 of 3rd period - Penalty to Niko Mikkola is over, Niko Mikkola is back on ice.
6:42 of 3rd period - Carter Ashton is hit by Philip Varone and loses puck.
7:51 of 3rd period - Barclay Goodrow is hit by Artem Zub and loses puck.
7:58 of 3rd period - Slapshot by John Hayden.
7:58 of 3rd period - Stopped by Michael Hutchinson with a rebound.
9:27 of 3rd period - Snap shot by Andreas Athanasiou.
9:27 of 3rd period - Shot Misses the Net.
9:29 of 3rd period - Wrist shot by Andreas Athanasiou.
9:29 of 3rd period - Shot Misses the Net.
9:55 of 3rd period - Philip Varone is hit by Kevin Roy and loses puck.
10:22 of 3rd period - Peter Cehlarik is hit by Radek Faksa.
10:57 of 3rd period - Anton Blidh is hit by Ryan Spooner and loses puck.
11:11 of 3rd period - Fredrik Claesson is hit by Eric Karlsson and loses puck.
11:32 of 3rd period - Wrist shot by Ryan Spooner.
11:32 of 3rd period - Stopped by Louis Domingue without a rebound.
11:33 of 3rd period - Daniel Audette wins face-off versus Chris Brown in Punishers zone.
11:33 of 3rd period - Daniel Audette is hit by Trevor Carrick.
11:41 of 3rd period - Frank Corrado is hit by Carter Ashton and loses puck.
11:58 of 3rd period - Fredrik Claesson is hit by Frank Corrado and loses puck.
12:43 of 3rd period - Wrist shot by Daniel Audette.
12:43 of 3rd period - Shot Misses the Net.
13:02 of 3rd period - Andreas Athanasiou is hit by Victor Rask and loses puck.
13:34 of 3rd period - Wrist shot by Oskar Lindblom.
13:34 of 3rd period - Shot Misses the Net.
13:36 of 3rd period - Snap shot by Carter Ashton.
13:36 of 3rd period - Stopped by Michael Hutchinson with a rebound.
14:30 of 3rd period - Peter Cehlarik is hit by Oskar Lindblom and loses puck.
14:42 of 3rd period - Icing by Nico Sturm.
14:43 of 3rd period - Ryan Spooner wins face-off versus Kevin Roy in Heat zone.
14:43 of 3rd period - Ryan Spooner is hit by Kevin Roy.
14:54 of 3rd period - Slapshot by Frank Corrado.
14:54 of 3rd period - Deflect By Ryan Spooner.
14:54 of 3rd period - Stopped by Louis Domingue with a rebound.
14:56 of 3rd period - Snap shot by Ryan Spooner.
14:56 of 3rd period - Stopped by Louis Domingue without a rebound.
14:57 of 3rd period - Radek Faksa wins face-off versus Philip Varone in Punishers zone.
14:57 of 3rd period - Radek Faksa is hit by Trevor Carrick.
15:34 of 3rd period - Snap shot by Kevin Roy.
15:34 of 3rd period - Shot Misses the Net.
15:40 of 3rd period - Snap shot by Ryan Spooner.
15:40 of 3rd period - Stopped by Louis Domingue without a rebound.
15:41 of 3rd period - John Hayden wins face-off versus Victor Rask in Punishers zone.
16:17 of 3rd period - Radek Faksa is hit by John Gilmour and loses puck.
16:37 of 3rd period - Austen Brassard is hit by Philip Varone and loses puck.
16:54 of 3rd period - Snap shot by Peter Cehlarik.
16:54 of 3rd period - Stopped by Louis Domingue without a rebound.
16:55 of 3rd period - Ryan Spooner wins face-off versus Daniel Audette in Punishers zone.
17:13 of 3rd period - Minor Penalty to Carter Ashton for Kneeing.
17:14 of 3rd period - Andreas Athanasiou wins face-off versus Victor Rask in Punishers zone.
17:45 of 3rd period - Snap shot by Trevor Carrick.
17:45 of 3rd period - Stopped by Louis Domingue with a rebound.
17:47 of 3rd period - Wrist shot by Evgeny Svechnikov.
17:47 of 3rd period - Shot Misses the Net.
18:05 of 3rd period - Wrist shot by Evgeny Svechnikov.
18:05 of 3rd period - Shot Misses the Net.
18:07 of 3rd period - Snap shot by Matthew Nieto.
18:07 of 3rd period - Shot Blocked by Niko Mikkola.
18:09 of 3rd period - Snap shot by Matthew Nieto.
18:09 of 3rd period - Stopped by Louis Domingue without a rebound.
18:10 of 3rd period - Andreas Athanasiou wins face-off versus Eric Karlsson in Punishers zone.
19:13 of 3rd period - Penalty to Carter Ashton is over, Carter Ashton is back on ice.
19:44 of 3rd period - Punishers, Louis Domingue is pulled from the net.
19:46 of 3rd period - Snap shot by Carter Ashton.
19:46 of 3rd period - Deflect By Corey Tropp.
19:46 of 3rd period - Shot Misses the Net.
19:46 of 3rd period - Puck is out of play.
19:47 of 3rd period - Claude Noël call a timeout for Punishers.
19:47 of 3rd period - Radek Faksa wins face-off versus Ryan Spooner in Heat zone.
Goals for this period are 1 for Punishers vs 1 for Heat.
Shots for this period are 6 for Punishers vs 12 for Heat.